 Dungeon Crawl Stone Soup version 0.31-a0-1027-gfb7600b534 (webtiles) character file.

Game seed: 13587942447297634228

281985 Colgate the Convoker (level 18, -13/170 HPs)
             Began as a Demigod Air Elementalist on Nov 18, 2023.
             Mangled by a +2 glaive of pain (18 damage)
             ... animated by Zenata
             ... on level 1 of the Elven Halls on Nov 19, 2023.
             The game lasted 06:52:43 (59220 turns).

Colgate the Convoker (Demigod Air Elementalist)    Turns: 59220, Time: 06:52:43

Health: -13/170    AC: 14    Str:  5    XL:     18   Next: 99%
Magic:  34/43      EV: 18    Int: 53    God:
Gold:   1090       SH:  0    Dex: 22    Spells: 4/49 levels left

rFire   + . .        a - +11 battleaxe of Sloth {holy, Int+2}
rCold   + . .        (shield currently unavailable)
rNeg    . . .        F - +2 robe {rC+ rF+}
rPois   .            (no helmet)
rElec   .            q - +2 cloak
rCorr   .            m - +2 pair of gloves
SInv    .            P - +2 pair of boots {Stlth+}
Will    +....        S - amulet of regeneration
Stlth   ++++         y - +6 ring of intelligence
HPRegen 1.28/turn    A - +6 ring of intelligence
MPRegen 0.28/turn

%: no passive effects
@: forested
A: high MP 1, forlorn, divine attributes, agile 2, weak 1, MP-powered wands
}: 2/15 runes: decaying, serpentine
a: no special abilities


You were on level 1 of the Elven Halls.
You visited 7 branches of the dungeon, and saw 33 of its levels.
You also visited: Gauntlet.

You collected 3977 gold pieces.
You spent 2887 gold pieces at shops.

Inventory:

Hand Weapons
 a - the +11 battleaxe of Sloth (weapon) {holy, Int+2}
   (You bought it in a shop on level 2 of the Orcish Mines)

   Int+2:     It affects your intelligence (+2).
 b - the +9 long sword of Gozag's Vengeance {freeze, rN+ Will+ SInv}
   (You found it on level 5 of the Lair of Beasts)

   rN+:       It protects you from negative energy.
   Will+:     It increases your willpower.
   SInv:      It lets you see invisible.
Missiles
 J - 3 throwing nets {!f}
Armour
 m - a +2 pair of gloves (worn)
 q - a +2 cloak (worn)
 F - a +2 robe of resistance (worn)
 P - a +2 pair of boots of stealth (worn)
Magical Staves
 R - a staff of poison
Jewellery
 f - the ring "Pihuuba" {+Blink Fly EV+5 Int-5 Dex+3}
   (You took it off a minotaur in a Gauntlet)

   [ring of evasion]

   EV+5:      It affects your evasion (+5).
   Int-5:     It affects your intelligence (-5).
   Dex+3:     It affects your dexterity (+3).
   Fly:       It grants you flight.
   +Blink:    It lets you blink.
 i - the ring "Weimaatu" {rF+ rC+ rN+ Str+2 Stlth+}
   (You found it in a Gauntlet)

   [ring of protection from cold]

   Str+2:     It affects your strength (+2).
   rF+:       It protects you from fire.
   rC+:       It protects you from cold.
   rN+:       It protects you from negative energy.
   Stlth+:    It makes you more stealthy.
 n - a ring of wizardry
 x - a ring of willpower
 y - a +6 ring of intelligence (left hand)
 A - a +6 ring of intelligence (right hand)
 C - a ring of willpower
 G - a ring of resist corrosion
 S - an amulet of regeneration (around neck)
 T - the amulet "Voliat" {Spirit Rampage rC+ Dex+3}
   (You found it in a Gauntlet)

   [amulet of guardian spirit]

   Spirit:    It causes incoming damage to be divided between your reserves of
   health and magic.
   Dex+3:     It affects your dexterity (+3).
   rC+:       It protects you from cold.
   Rampage:   It bestows one free step when moving towards enemies.
Wands
 p - a wand of flame (68)
 v - a wand of iceblast (36) {@v2}
 z - a wand of mindburst (32)
 N - a wand of quicksilver (3) {@v1}
 O - a wand of polymorph (14)
 V - a wand of charming (21)
 Y - a wand of digging (4) {@v3}
Scrolls
 c - 5 scrolls of revelation
 r - 13 scrolls of teleportation {@r3}
 t - 5 scrolls of fear
 w - 5 scrolls of blinking {@r4}
 E - a scroll of fog
 H - 4 scrolls of silence
 K - 3 scrolls of amnesia
 Q - 2 scrolls of butterflies
 U - 6 scrolls of immolation
Potions
 d - 3 potions of cancellation
 e - 9 potions of mutation
 g - 2 potions of brilliance
 h - 2 potions of resistance {@q5}
 j - 14 potions of curing {@q1}
 k - a potion of magic
 l - 2 potions of ambrosia
 o - 4 potions of invisibility
 s - 9 potions of heal wounds {@q2}
 u - 3 potions of haste {@q4}
 B - 7 potions of lignification
 D - 6 potions of might {@q3}
 M - 3 potions of berserk rage
 W - 4 potions of enlightenment
Miscellaneous
 I - a box of beasts
 L - a phantom mirror
 X - a condenser vane
 Z - a lightning rod (4/4)


   Skills:
 - Level 17.2 Fighting
 - Level 4.4 Armour
 - Level 7.8 Dodging
 - Level 5.0 Stealth
 + Level 16.1 Spellcasting
 - Level 0.8 Conjurations
 - Level 2.5 Hexes
 - Level 19.0 Summonings
 - Level 6.0 Translocations
 - Level 2.5 Fire Magic
 - Level 7.0 Air Magic
 - Level 4.0 Evocations


You had 4 spell levels left.
You knew the following spells:

 Your Spells              Type           Power      Damage    Failure   Level
a - Summon Forest         Summ/Tloc      54%        N/A       1%          5
b - Summon Mana Viper     Hex/Summ       100%       N/A       1%          5
c - Swiftness             Air            87%        N/A       1%          3
d - Malign Gateway        Summ/Tloc      54%        N/A       1%          7
e - Summon Cactus Giant   Summ           63%        N/A       1%          6
f - Passage of Golubria   Tloc           82%        N/A       1%          4
g - Monstrous Menagerie   Summ           63%        N/A       1%          7
h - Summon Horrible Thin  Summ           63%        N/A       1%          8

Your spell library contained the following spells:

 Spells                   Type           Power      Damage    Failure   Level
 Summon Guardian Golem    Hex/Summ       100%       N/A       0%          3
 Foxfire                  Conj/Fire      100%       2x1d9     1%          1
 Kiss of Death            Conj/Necr      100%       2d13      1%          1
 Magic Dart               Conj           100%       1d8       1%          1
 Necrotise                Necr           100%       1d9       1%          1
 Shock                    Conj/Air       100%       1d9       1%          1
 Slow                     Hex            100%       N/A       1%          1
 Cigotuvi's Dreadful Rot  Necr/Pois/Air  100%       N/A       1%          2
 Ensorcelled Hibernation  Hex/Ice        100%       N/A       1%          2
 Lesser Beckoning         Tloc           100%       N/A       1%          2
 Passwall                 Tmut/Erth      35%        N/A       1%          2
 Scorch                   Fire           100%       2d9       1%          2
 Searing Ray              Conj           100%       2d8       1%          2
 Static Discharge         Conj/Air       100%       3-8/arc   1%          2
 Sublimation of Blood     Necr           42%        N/A       1%          2
 Confusing Touch          Hex            63%        N/A       1%          3
 Gell's Gravitas          Tloc           82%        N/A       1%          3
 Ignite Poison            Fire/Tmut/Pois 51%        N/A       1%          3
 Inner Flame              Hex/Fire       63%        N/A       1%          3
 Ozocubu's Armour         Ice            42%        N/A       1%          3
 Sigil of Binding         Hex            63%        N/A       1%          3
 Teleport Other           Tloc           82%        N/A       1%          3
 Tukima's Dance           Hex            63%        N/A       1%          3
 Vampiric Draining        Necr           42%        2d9       1%          3
 Volatile Blastmotes      Fire/Tloc      100%       2d18      1%          3
 Airstrike                Air            43%        2d(7-23)  1%          4
 Flame Wave               Conj/Fire      57%        2d14      1%          4
 Fulminant Prism          Conj/Hex       28%        3d13      1%          4
 Iskenderun's Mystic Bla  Conj/Tloc      68%        2d14      1%          4
 Summon Ice Beast         Ice/Summ       97%        N/A       1%          4
 Summon Lightning Spire   Summ/Air       100%       N/A       1%          4
 Dispel Undead            Necr           42%        3d17      3%          4
 Petrify                  Tmut/Erth      42%        N/A       3%          4
 Freezing Cloud           Conj/Ice/Air   31%        6-21      3%          5
 Dispersal                Tloc           41%        N/A       4%          6
 Spellforged Servitor     Conj/Summ      49%        N/A       5%          7
 Yara's Violent Unravell  Hex/Tmut       27%        3d12      6%          5
 Iskenderun's Battlesphe  Conj           51%        2d10      8%          5
 Irradiate                Conj/Tmut      23%        3d19      9%          5
 Plasma Beam              Fire/Air       37%        2x1d51    9%          6
 Agony                    Necr           42%        N/A       11%         5
 Starburst                Conj/Fire      28%        6d9       30%         6
 Bombard                  Conj/Erth      23%        9d4       45%         6
 Enfeeble                 Hex            31%        N/A       75%         7
 Orb of Destruction       Conj           25%        9d9       93%         7
 Ozocubu's Refrigeration  Ice            21%        4d12      97%         7


Dungeon Overview and Level Annotations

Branches:
Dungeon (15/15)            Temple (1/1) D:5            Lair (5/5) D:9
  Swamp (4/4) Lair:3        Snake (4/4) Lair:3        Slime (0/5) Lair:4
    Orc (2/2) D:11            Elf (2/3) Orc:2        Vaults (0/5) D:14
 Depths (0/4) D:15        Gauntlet (visited)

Shops:
D:10 [!=(:=   D:11 [   Orc:2 [=[!(   Elf:1 *(:[   Snake:1 **

Annotations:
Elf:1 Zenata


Innate Abilities, Weirdness & Mutations

You have an increased reservoir of magic. (+10% MP)
You shall have no god before yourself.
Your divine heritage dramatically boosts your attributes as you level up.
You are very agile. (Dex +8, Str/Int -2)
You are weak. (Str -2)
You expend magic power (3 MP) to strengthen your wands.


Message History

Zenata casts a spell at the +4 short sword of venom.
A blast of power from the earth and the +4 short sword of venom strikes you!
* * * LOW HITPOINT WARNING * * *
The +2 glaive of pain hits you from afar!!
* * * LOW HITPOINT WARNING * * *
The +4 short sword of venom hits you.
* * * LOW HITPOINT WARNING * * *
You are lethally poisoned!
* * * LOW HITPOINT WARNING * * *
You feel extremely sick.
The +4 short sword of venom attacks as it pursues you!
The +4 short sword of venom misses you. The +4 short sword of venom hits you.
* * * LOW HITPOINT WARNING * * *
You are more poisoned.
Your eldritch tentacle completely misses the +4 short sword of venom.
Your eldritch tentacle claws the +4 short sword of venom!!
The +4 short sword of venom is destroyed!
The +4 short sword of venom disappears in a puff of smoke!
The +2 glaive of pain hits you from afar!
* * * LOW HITPOINT WARNING * * *
Your eldritch tentacle barely misses the +2 glaive of pain.
Your eldritch tentacle claws the +2 glaive of pain but does no damage.
You feel better.
The +2 glaive of pain hits you from afar.
* * * LOW HITPOINT WARNING * * *
Your eldritch tentacle slaps the +2 glaive of pain!
The +2 glaive of pain seems to grow stronger.
Your eldritch tentacle closely misses the +2 glaive of pain.
The +2 glaive of pain misses you.
Zenata hits your eldritch tentacle with a +3 executioner's axe!!!
Your eldritch tentacle slaps Zenata!!
Zenata suddenly seems more resistant.
Your eldritch tentacle claws Zenata!!!
Your eldritch tentacle draws strength from Zenata's injuries!
Zenata hits your eldritch tentacle with a +3 executioner's axe!!
Your eldritch tentacle completely misses Zenata.
Your eldritch tentacle barely misses Zenata.
The earth elemental hits you!
* * * LOW HITPOINT WARNING * * *
The +2 glaive of pain hits you from afar!!
You die...

.###* #.[⌠.)#.# #♣..♣#######.. ,*
#.[...#.# #♣♣.....)....... ,*
##.)[..### #......########.
e########)♣#♣♣♣♣#♣.♣#..#.##### #.
......#..)..#.[.(..♣#####.#..###.
......#[)<.)♣..a..♣♣ ##....##.
...⌠..'..)..'.♣w..♣ ##......#.
,.....#[)...♣.*...♣♣ #.........
,.....#..[).♣.(E@..♣* ##......##
,########[##♣♣♣#♣♣..♣ ##.....##
,,.♣###..)).###♣♣,..♣ ##..##..
**.♣♣♣#..)..#♣...,..# #######
*?..♣#..⌠..#♣♣♣♣,,,#
*##..#.....#####,>,*
###.#.....#####,,,*
###...)...#####*,**
###############***


You could see Zenata (resistant, ally target), an earth elemental, a +2 glaive
of pain (summoned, fast, strong) and a friendly eldritch tentacle.

Vanquished Creatures
  Vashnia (Snake:4)
  A minotaur (Gauntlet)
  Erolcha (D:9)
  A centaur warrior (D:13)
  A death knight (D:12)
  A hydra (D:12)
  2 naga warriors (Snake:4)
  8 naga sharpshooters
  A thrashing horror (Swamp:4)
  A shock serpent (Snake:3)
  A skyshark (Lair:4)
  A spriggan druid (Swamp:2)
  4 sea snakes (Snake:3)
  A glowing orange brain (Gauntlet)
  A deep elf pyromancer (Elf:1)
  A necromancer (D:15)
  A cyclops (D:12)
  An orc sorcerer (Orc:1)
  A will-o-the-wisp (Swamp:4)
  An ugly thing (Gauntlet)
  2 elephants (Lair:2)
  A black mamba (Snake:4)
  2 naga magi (Snake:4)
  A torpor snail (Lair:2)
  4 cane toads
  2 gargoyles
  An unseen horror zombie (D:8)
  2 rime drakes
  A kobold demonologist (D:12)
  An unseen horror (D:12)
  A komodo dragon (Lair:3)
  A troll (D:10)
  A blink frog (Lair:5)
  Grinder (D:4)
  A slime creature (Swamp:4)
  A vampire (D:13)
  A hog (Lair:5)
  A basilisk (Lair:5)
  7 yaks
  A neqoxec (D:10)
  2 vampire mosquitoes
  Menkaure (D:5)
  5 nagas
  4 water moccasins
  An orc warrior (D:7)
  An ice beast (D:9)
  A sky beast (D:7)
  5 ogres
  A wolf (D:9)
  8 centaurs
  3 bullfrogs
  2 gnoll sergeants
  A scorpion (D:4)
  3 wights
  6 killer bees
  6 nameless horrors
  A jelly (D:5)
  A gnoll bouda (D:4)
  3 orc priests
  3 hounds
  Jessica (D:3)
  2 sleepcaps
  3 orc wizards
  An iguana (D:4)
  9 gnolls
  7 adders
  2 shadow imps
  3 white imps
  2 ufetubi (D:6)
  A worm (D:4)
  2 dart slugs
  14 orcs
  5 ball pythons
  2 bat skeletons (D:9)
  A bat zombie (D:9)
  7 endoplasms
  5 giant cockroaches
  12 goblins
  4 hobgoblins
  8 kobolds
  2 quokkas
  3 training dummies (D:10)
  6 bats
  A frilled lizard (D:2)
  5 rats
  2 snaplasher vines
232 creatures vanquished.

Vanquished Creatures (collateral kills)
  Rupert (D:14)
  A tentacled monstrosity (Swamp:4)
  4 eldritch tentacles
  Kirke (Lair:5)
  Frances (D:12)
  2 fenstrider witches
  7 nagarajas
  Louise (Swamp:2)
  A deep elf sorcerer (Elf:1)
  The ghost of vahanchamaka the Impaler, a journeyman HOMo of Trog (Snake:1)
  3 eleionomae
  A deep elf annihilator (Elf:1)
  2 bunyips
  An ettin (D:15)
  2 green deaths (Swamp:4)
  A deep elf high priest (Elf:1)
  18 hydras
  Harold (D:9)
  A rakshasa (D:13)
  A ghost crab (Swamp:2)
  6 boulder beetles
  An ogre mage (Orc:2)
  5 alligators
  6 anacondas
  3 catoblepae
  14 death yaks
  2 centaur warriors
  15 naga warriors
  4 two-headed ogres
  3 dancing weapons
  6 tengu warriors
  An occultist (D:15)
  A thrashing horror (Swamp:4)
  The ghost of benitares the Grappler, a novice TrSh (D:8)
  8 shock serpents
  A sun demon (D:10)
  13 naga sharpshooters
  Sonja (Orc:2)
  8 deep elf knights (Elf:1)
  Nergalle (Lair:3)
  7 salamander mystics
  3 skysharks
  An obsidian statue (Snake:1)
  7 goliath frogs
  11 sea snakes
  4 spriggan druids
  4 swamp dragons (Swamp:4)
  An orb spider (shapeshifter) (D:9)
  8 bog bodies
  6 deep elf archers (Elf:1)
  7 naga ritualists
  3 orc knights
  2 large abominations (Swamp:4)
  10 mana vipers
  15 deep elf pyromancers
  10 orc sorcerers (Orc:2)
  13 deep elf zephyrmancers (Elf:1)
  5 ugly things
  4 manticores
  10 salamanders
  9 cyclopes
  5 elephants
  4 will-o-the-wisps
  26 black mambas
  6 guardian serpents
  Maurice (D:11)
  3 torpor snails
  20 naga magi
  A molten gargoyle (Gauntlet)
  An eye of devastation (Lair:4)
  24 cane toads
  3 orange demons
  A gargoyle (D:12)
  4 rime drakes
  2 kobold demonologists
  A freezing wraith (D:14)
  A yaktaur (shapeshifter) (Elf:2)
  An unseen horror (D:12)
  4 efreet
  3 tengu conjurers
  9 komodo dragons
  A meliai (shapeshifter) (D:14)
  2 polar bears (D:9)
  7 hornets
  2 hellwings (D:10)
  7 trolls
  2 tarantellas (shapeshifter)
  11 tyrant leeches
  A blink frog (shapeshifter) (D:14)
  7 dream sheep (Lair:4)
  A glass eye (Lair:4)
  10 blink frogs
  16 slime creatures
  3 vampires
  2 shadows (Swamp:4)
  6 wyverns
  6 spriggans
  2 fire elementals
  43 yaks
  A water elemental (Elf:1)
  3 basilisks
  4 hogs (Lair:5)
  27 vampire mosquitoes
  A steam dragon (D:10)
  2 wargs
  36 nagas
  A small abomination (Swamp:4)
  11 water moccasins
  An acid dragon (D:12)
  17 swamp worms
  A nameless horror (D:12)
  4 ice beasts
  13 orc warriors
  A black bear (shapeshifter) (D:12)
  13 ogres
  4 wolves
  A wolf (shapeshifter) (D:14)
  The ghost of paps the Slasher, an amateur DsGl (D:4)
  A phantom (D:7)
  20 centaurs
  2 kobold brigands (D:7)
  14 bullfrogs
  A gnoll sergeant (D:9)
  7 wights
  10 killer bees
  3 electric eels (Snake:3)
  7 howler monkeys
  2 vampire bats (D:9)
  2 quasits (D:10)
  A hound (D:5)
  15 orc priests
  A gnoll bouda (D:8)
  29 orc wizards
  A howler monkey zombie (D:8)
  13 gnolls
  A howler monkey simulacrum (D:9)
  2 ufetubi (D:7)
  A worm (D:4)
  42 orcs
  2 bat skeletons (D:9)
  A bat zombie (D:9)
  4 kobolds (D:7)
864 creatures vanquished.

Vanquished Creatures (others)
  59 eldritch tentacles
  A hydra (Swamp:3)
  A deep elf knight (Elf:1)
  A shock serpent (Snake:2)
  A deep elf pyromancer (Elf:1)
  4 bloated husks
  A swamp worm (Swamp:2)
  16 foxfires
  21 snaplasher vines
105 creatures vanquished.

Grand Total: 1201 creatures vanquished

Notes
Turn   | Place    | Note
-------+----------+-------------------------------------------
     0 | D:1      | Colgate the Demigod Air Elementalist began the quest for
                  | the Orb.
     0 | D:1      | Reached XP level 1. HP: 14/14 MP: 5/5
   623 | D:1      | Reached XP level 2. HP: 20/20 MP: 5/7
  2117 | D:2      | Identified the +4 chain mail of Eddy {rN+ Will+}
  2232 | D:2      | Reached XP level 3. HP: 26/26 MP: 2/8
  2891 | D:3      | Noticed Jessica
  2904 | D:3      | Killed Jessica
  3177 | D:3      | Noticed Grinder
  3178 | D:3      | Paralysed by Grinder for 5 turns
  3242 | D:3      | Reached XP level 4. HP: 31/33 MP: 5/9
  3247 | D:3      | Learned a level 4 spell: Airstrike
  3296 | D:3      | Reached skill level 5 in Air Magic
  3968 | D:4      | Reached XP level 5. HP: 30/38 MP: 5/10
  4018 | D:4      | Noticed paps's ghost (amateur DsGl)
  4019 | D:4      | Found a transporter.
  4272 | D:4      | Noticed an ogre
  4485 | D:4      | Found a transporter.
  4587 | D:4      | Killed an ogre
  4588 | D:4      | Reached XP level 6. HP: 45/45 MP: 2/11
  5336 | D:4      | Killed Grinder
  5337 | D:4      | Reached XP level 7. HP: 50/50 MP: 0/15
  5341 | D:4      | Learned a level 3 spell: Swiftness
  5476 | D:5      | Entered Level 5 of the Dungeon
  5488 | D:5      | Reached skill level 1 in Summonings
  5495 | D:5      | Learned a level 4 spell: Summon Lightning Spire
  5653 | D:5      | Reached skill level 2 in Summonings
  5750 | D:5      | Reached skill level 3 in Summonings
  5906 | D:5      | Found a staircase to the Ecumenical Temple.
  5915 | Temple   | Entered the Ecumenical Temple
  6353 | D:5      | Noticed Menkaure
  6359 | D:5      | Killed Menkaure
  6360 | D:5      | Reached skill level 4 in Summonings
  6470 | D:5      | Reached skill level 5 in Summonings
  6470 | D:5      | Reached XP level 8. HP: 57/57 MP: 9/16
  6850 | D:6      | Reached skill level 6 in Summonings
  7917 | D:7      | Reached skill level 7 in Summonings
  8035 | D:7      | Reached skill level 8 in Summonings
  8573 | D:7      | Reached XP level 9. HP: 28/62 MP: 5/17
  8736 | D:7      | Reached skill level 9 in Summonings
  9596 | D:8      | Reached skill level 10 in Summonings
  9837 | D:8      | Noticed a two-headed ogre
  9841 | D:8      | Killed a two-headed ogre
  9842 | D:8      | Reached skill level 11 in Summonings
 10109 | D:8      | HP: 2/63 [poisoned by a killer bee]
 10300 | D:8      | Reached skill level 1 in Fighting
 10843 | D:8      | Reached XP level 10. HP: 37/72 MP: 9/19
 11023 | D:8      | Found a runed translucent gate.
 11023 | D:8      | Found a runed translucent gate.
 11023 | D:8      | Found a runed translucent gate.
 11023 | D:8      | Noticed benitares's ghost (novice TrSh)
 11721 | D:4      | Learned a level 6 spell: Summon Cactus Giant
 11835 | D:4      | Killed paps's ghost
 12182 | D:9      | Reached skill level 5 in Spellcasting
 12719 | D:9      | Noticed Harold
 13159 | D:9      | Noticed Erolcha
 13167 | D:9      | Killed Erolcha
 13202 | D:9      | Killed Harold
 13203 | D:9      | Reached skill level 5 in Fighting
 13789 | D:9      | Found a staircase to the Lair.
 13920 | D:9      | Reached XP level 11. HP: 89/89 MP: 17/24
 13944 | D:9      | Noticed an eight-headed hydra
 13949 | D:9      | Killed an eight-headed hydra
 13964 | D:9      | Noticed an orb spider
 13969 | D:9      | Killed an orb spider
 15220 | D:9      | Found a staircase to the Lair.
 15557 | D:10     | Entered Level 10 of the Dungeon
 15557 | D:10     | Found Dux Evar's Jewellery Emporium.
 15599 | D:10     | Found Yschuos's Firing Range.
 15665 | D:10     | Found Geistots's Jewellery Emporium.
 15742 | D:10     | Found Caagynec's Distillery.
 16042 | D:10     | Reached skill level 1 in Evocations
 16104 | D:10     | Noticed a sun demon
 16114 | D:10     | HP: 3/95 [sun demon (17)]
 16114 | D:10     | Killed a sun demon
 16120 | D:10     | Learned a level 4 spell: Passage of Golubria
 16123 | D:10     | Reached skill level 1 in Translocations
 16683 | D:10     | Found Figumpoke's Antique Armour Shoppe.
 16699 | D:10     | Gained mutation: You expend magic power (3 MP) to
                  | strengthen your wands. [a neqoxec]
 16700 | D:10     | Gained mutation: You are agile. (Dex +4, Str/Int -1) [a
                  | neqoxec]
 16710 | D:10     | Bought a pair of embroidered boots for 202 gold pieces
 16897 | D:10     | Found Awacziz's Book Shoppe.
 17443 | D:11     | Noticed Maurice
 17447 | D:11     | Killed Maurice
 17509 | D:11     | Found a staircase to the Orcish Mines.
 17633 | D:11     | Found Ligu's Antique Armour Shoppe.
 18334 | D:11     | Reached skill level 5 in Dodging
 18859 | D:11     | Noticed a boulder beetle
 18864 | D:11     | Killed a boulder beetle
 19269 | D:11     | Found a staircase to the Orcish Mines.
 19300 | D:11     | Found Ligu's Antique Armour Shoppe.
 20586 | D:12     | Noticed a boulder beetle
 20598 | D:12     | Killed a boulder beetle
 20599 | D:12     | Reached XP level 12. HP: 69/103 MP: 2/26
 20603 | D:12     | Learned a level 3 spell: Inner Flame
 20754 | D:12     | Reached skill level 1 in Hexes
 20835 | D:12     | Reached skill level 1 in Fire Magic
 21294 | D:12     | Noticed Frances
 21747 | D:12     | Noticed a six-headed hydra
 21754 | D:12     | Killed a six-headed hydra
 21868 | D:12     | Noticed a boulder beetle
 21976 | D:11     | Killed a boulder beetle
 22261 | D:12     | Reached skill level 10 in Fighting
 22314 | D:12     | Noticed a death knight
 22339 | D:12     | Killed a death knight
 22839 | D:12     | Noticed a catoblepas
 22847 | D:12     | Killed a catoblepas
 22859 | D:12     | Reached XP level 13. HP: 90/114 MP: 18/30
 22917 | D:12     | Killed Frances
 22918 | D:12     | Reached skill level 12 in Summonings
 23371 | D:8      | Killed benitares's ghost
 23519 | Lair:1   | Entered Level 1 of the Lair of Beasts
 24596 | Lair:2   | Found a gate leading to a gauntlet.
 24724 | Gauntlet | Entered a Gauntlet
 24724 | Gauntlet | Found a transporter.
 24724 | Gauntlet | Found a transporter.
 24724 | Gauntlet | Found a transporter.
 24725 | Gauntlet | Found a transporter.
 24728 | Gauntlet | Found a transporter.
 24747 | Gauntlet | Found a transporter.
 24752 | Gauntlet | Found a transporter.
 24767 | Gauntlet | Found a transporter.
 24771 | Gauntlet | Found a transporter.
 24832 | Gauntlet | Found a transporter.
 24842 | Gauntlet | Found a transporter.
 24871 | Gauntlet | Found a transporter.
 25105 | Gauntlet | Identified the amulet "Voliat" {Spirit Rampage rC+ Dex+3}
 25284 | Gauntlet | Identified the ring "Pihuuba" {+Blink Fly EV+5 Int-5 Dex+3}
 25284 | Gauntlet | Noticed a minotaur
 25301 | Gauntlet | Killed a minotaur
 25422 | Gauntlet | Identified the ring "Weimaatu" {rF+ rC+ rN+ Str+2 Stlth+}
 25604 | D:10     | Bought a book of the Wilderness for 608 gold pieces
 25612 | D:10     | Learned a level 5 spell: Summon Forest
 25618 | D:10     | Learned a level 5 spell: Summon Mana Viper
 26027 | Lair:2   | You fall into a shaft and drop 2 floors!
 26168 | Lair:4   | Found a staircase to the Slime Pits.
 26470 | Lair:4   | Reached skill level 10 in Spellcasting
 27235 | Lair:3   | Noticed Nergalle
 27242 | Lair:3   | Killed Nergalle
 28102 | Lair:3   | Found a staircase to the Swamp.
 28354 | Lair:3   | Found a staircase to the Snake Pit.
 28969 | Lair:4   | Reached XP level 14. HP: 133/133 MP: 16/32
 29465 | Lair:4   | Reached skill level 15 in Fighting
 30192 | D:11     | Bought a pair of embroidered gloves for 157 gold pieces
 30419 | Lair:5   | Entered Level 5 of the Lair of Beasts
 31061 | Lair:5   | Identified the +9 long sword of Gozag's Vengeance {freeze,
                  | rN+ Will+ SInv}
 31371 | Lair:5   | Reached skill level 13 in Summonings
 32160 | Lair:5   | Noticed Kirke
 32168 | Lair:5   | Killed Kirke
 32543 | Orc:1    | Entered Level 1 of the Orcish Mines
 32720 | Orc:2    | Entered Level 2 of the Orcish Mines
 32774 | Orc:1    | Reached skill level 14 in Summonings
 32834 | Orc:2    | Noticed Sonja
 32839 | Orc:2    | Killed Sonja
 32844 | Orc:2    | Reached XP level 15. HP: 135/147 MP: 16/33
 32934 | Orc:2    | Found Zudozith's Antique Armour Shoppe.
 33178 | Orc:2    | Found a staircase to the Elven Halls.
 33739 | Orc:2    | Found Taeckiz's Antique Weapon Shop.
 33873 | Orc:2    | Found Huschexzi's Antique Armour Boutique.
 34273 | Orc:2    | Reached skill level 5 in Translocations
 34479 | Orc:2    | Found Kaonkikk's Distillery.
 34484 | Orc:2    | Found Pixemuf's Jewellery Shop.
 37283 | D:14     | Noticed Rupert
 37289 | D:14     | Killed Rupert
 37290 | D:14     | Reached skill level 15 in Summonings
 37814 | D:14     | Found a gate to the Vaults.
 38440 | D:15     | Entered Level 15 of the Dungeon
 38630 | D:15     | Found a staircase to the Depths.
 39032 | D:15     | Identified a scroll of acquirement
 39033 | D:15     | Acquired 892 gold pieces
 39895 | D:10     | Bought a potion of degeneration for 12 gold pieces
 39896 | D:10     | Bought a potion of might for 48 gold pieces
 39896 | D:10     | Bought a potion of enlightenment for 60 gold pieces
 39896 | D:10     | Bought a potion of resistance for 120 gold pieces
 39910 | D:10     | Bought a +6 ring of intelligence for 468 gold pieces
 40001 | Orc:2    | Bought a jewelled battleaxe for 368 gold pieces
 40001 | Orc:2    | Identified the +11 battleaxe of Sloth {holy, Int+2} (You
                  | bought it in a shop on level 2 of the Orcish Mines)
 40101 | D:10     | Bought a Grand Grimoire for 544 gold pieces
 40730 | D:15     | Reached skill level 16 in Summonings
 41138 | Snake:1  | Entered Level 1 of the Snake Pit
 42008 | D:10     | Bought a ring of wizardry for 300 gold pieces
 42512 | Snake:1  | Found a runed translucent gate.
 42513 | Snake:1  | Found a runed translucent gate.
 42513 | Snake:1  | Found a runed translucent gate.
 42517 | Snake:1  | Found Getriqi's Assorted Antiques.
 42517 | Snake:1  | Noticed vahanchamaka's ghost (journeyman HOMo)
 42518 | Snake:1  | Found Fuupuaku's Assorted Antiques.
 42854 | Snake:1  | Reached skill level 17 in Summonings
 42854 | Snake:1  | Reached XP level 16. HP: 155/155 MP: 33/35
 43699 | Snake:2  | Found a transporter.
 43700 | Snake:2  | Identified the +4 chain mail of Snakes and Ladders {+Inv
                  | rC+ rCorr}
 43702 | Snake:2  | Found a transporter.
 43786 | Snake:2  | Reached XP level 17. HP: 150/161 MP: 34/37
 43986 | Snake:2  | Found a transporter.
 43990 | Snake:2  | Found a transporter.
 44163 | Snake:2  | Learned a level 8 spell: Summon Horrible Things
 44296 | Snake:2  | Found a transporter.
 44307 | Snake:2  | Found a transporter.
 45714 | Snake:4  | Entered Level 4 of the Snake Pit
 48100 | Snake:4  | Noticed Vashnia
 48228 | Snake:4  | Killed Vashnia
 48229 | Snake:4  | Reached skill level 18 in Summonings
 49009 | Snake:4  | Got a serpentine rune of Zot
 49247 | Snake:4  | Learned a level 7 spell: Malign Gateway
 49260 | Snake:4  | Reached XP level 18. HP: 122/170 MP: 36/41
 49662 | Swamp:1  | Entered Level 1 of the Swamp
 50464 | Swamp:1  | You fall into a shaft and drop 1 floor!
 50476 | Swamp:2  | Reached skill level 19 in Summonings
 51311 | Swamp:2  | Noticed Louise
 51605 | Swamp:2  | Reached skill level 5 in Stealth
 51765 | Swamp:2  | Killed Louise
 51766 | Swamp:2  | Reached skill level 1 in Armour
 52921 | Swamp:4  | Entered Level 4 of the Swamp
 53766 | Swamp:4  | Learned a level 7 spell: Monstrous Menagerie
 54807 | Swamp:4  | Noticed a tentacled monstrosity
 54818 | Swamp:4  | Killed a tentacled monstrosity
 55198 | Swamp:4  | Got a decaying rune of Zot
 56886 | Snake:1  | Killed vahanchamaka's ghost
 56898 | Snake:1  | Reached skill level 15 in Spellcasting
 57118 | Snake:1  | Gained mutation: You are weak. (Str -2) [a neqoxec]
 57127 | Snake:1  | Gained mutation: You are very agile. (Dex +8, Str/Int -2)
                  | [a neqoxec]
 57750 | Vaults:1 | Identified the "Enirghaw"
 57750 | WizLab   | Identified the of Wyen
 57750 | Vaults:5 | Identified the "Zinug"
 57750 | Vaults:5 | Identified the of Yvypnail
 57750 | Crypt:3  | Identified the of Nagual
 57750 | Elf:1    | Entered Level 1 of the Elven Halls
 58270 | Elf:1    | Found Wueprac's Assorted Antiques.
 58500 | Elf:1    | Found Ysomuph's Weapon Shoppe.
 58500 | Elf:1    | Noticed Zenata
 58843 | Elf:1    | You fall into a shaft and drop 1 floor!
 58895 | Elf:1    | Found Wugakap's Book Shoppe.
 59078 | Elf:1    | Found Ciwobrem's Armour Boutique.
 59216 | Elf:1    | HP: 5/170 [+2 glaive of pain[Zenata] (12)]
 59220 | Elf:1    | Mangled by a +2 glaive of pain

Illustrated notes

Levels and vault maps discovered:
D:1:      dpeg_arrival_morbid_curiosity, layout_basic
D:2:      layout_loops_cross, basic_altar
D:3:      minmay_recursive_quarters, layout_loops_cross,
          nicolae_houndstooth_variations, uniq_jessica, uniq_grinder
D:4:      layout_loops_cross, gammafunk_ghost_arena
D:5:      layout_loops_ring, general_overflow_altar, old_standard_altar,
          minmay_temple_entry_glass, nicolae_letterblocks
          [nicolae_letter_subblock, nicolae_letter_subblock,
          nicolae_letter_subblock, nicolae_letter_subblock,
          nicolae_letter_subblock, nicolae_letter_subblock,
          nicolae_letter_subblock, nicolae_letter_subblock,
          nicolae_letter_subblock, nicolae_letter_subblock,
          nicolae_letter_subblock, nicolae_letter_subblock,
          nicolae_letter_subblock, nicolae_letter_subblock,
          nicolae_letter_subblock, nicolae_letter_subblock,
          nicolae_letter_subblock, nicolae_letter_subblock,
          nicolae_letter_subblock, nicolae_letter_subblock,
          nicolae_letter_subblock, nicolae_letter_subblock,
          nicolae_letter_subblock, nicolae_letter_subblock,
          nicolae_letter_subblock], uniq_menkaure
D:6:      layout_loops_ring, mainiacjoe_overflow_catwalk
D:7:      layout_loops_cross, fedhas_altar_3
D:8:      layout_loops_corners, nicolae_yredelemnul_ghost_church
D:9:      layout_basic, zin_academy, elyvilon_altar_5,
          kennysheep_vampire_church, hellmonk_lair_entry_icy,
          nicolae_doodle_vault, uniq_harold, uniq_erolcha
D:10:     layout_basic, serial_shops, shop, nicolae_shop_tiny_glass, shop, shop,
          shop, serial_demonic, serial_demonic_b, serial_demonic_a,
          serial_demonic_g, serial_demonic_g, nicolae_shop_firing_range
D:11:     layout_roguey, minmay_orc_entry_temple_small, nicolae_stop_n_shop_1,
          uniq_maurice
D:12:     minmay_the_grid_3x3 [minmay_the_grid_empty, minmay_the_grid_doors,
          minmay_the_grid_holed_spiral, minmay_the_grid_minigrid_medium,
          minmay_the_grid_paths, minmay_the_grid_square_x,
          minmay_the_grid_minigrid_large, minmay_the_grid_broken_lines,
          minmay_the_grid_prize_four_corners], layout_irregular_city,
          corexii_leaking_fountain, st_stairs_1, uniq_frances
D:13:     layout_stronghold
D:14:     layout_loops_cross, david_vaults_2, serial_glass, glass_columns_b,
          glass_columns_a, glass_columns_a, glass_columns_b, glass_columns_c,
          glass_columns_c, glass_columns_b, glass_columns_a, uniq_rupert
D:15:     hangedman_depths_entry_civil_slaughter, layout_basic,
          grunt_decor_one_mirror
Temple:   compressed_dpeg_circular_temple
Lair:1:   layout_hall_layers
Lair:2:   dpeg_oklob_shooting_range, layout_regular_city,
          gauntlet_entry_generic, grunt_megastairs_2,
          infiniplex_staircase_pool_2
Lair:3:   layout_loops_ring, mainiacjoe_swamp_entry_angry_trees,
          nicolae_snake_entry_squirm, serial_forest, infiniplex_forest_corner_1,
          infiniplex_forest_clump_curved, infiniplex_forest_corner_2,
          infiniplex_forest_lined_room_2, infiniplex_forest_straight_3,
          infiniplex_forest_lined_2, infiniplex_forest_end_3,
          infiniplex_forest_lined_corner, uniq_nergalle
Lair:4:   nzn_winding_woodlands_large [nzn_winding_woodlands_5x5_perimeter,
          nzn_winding_woodlands_5x15_zeroes, nzn_winding_woodlands_5x5_default,
          nzn_winding_woodlands_center_garden,
          nzn_winding_woodlands_15x15_killbox,
          nzn_winding_woodlands_center_triple_pond,
          nzn_winding_woodlands_5x5_default, nzn_winding_woodlands_5x15_default,
          nzn_winding_woodlands_5x5_closed_star], layout_long_grid,
          minmay_slime_entry_eyes, chequers_serial_rivers_small_a
Lair:5:   minmay_lair_end_frog_pond, layout_regular_city,
          grunt_forest_small_clearing_treed, uniq_kirke
Swamp:1:  layout_basic_swamp, evilmike_swamp_ruin_house_5, swamp_pool_4
Swamp:2:  layout_basic_swamp, evilmike_swamp_ruin_house_2, uniq_louise
Swamp:3:  layout_basic_swamp, nicolae_swamp_decorative_isthmus, swamp_pool_1_2
Swamp:4:  swamp_vile, layout_basic_swamp, swamp_pool_4,
          nicolae_swamp_tree_isthmus
Snake:1:  kennysheep_six_static_rooms, layout_basic, ebering_ghost_gozag
Snake:2:  layout_rooms, serial_nicolae_subway, nicolae_sub_station_stone,
          nicolae_sub_station_metal, nicolae_sub_station_crystal
Snake:3:  layout_basic
Snake:4:  snake_pit, layout_basic, nicolae_snake_omega, uniq_vashnia
Orc:1:    layout_caves, basic_altar, abandoned_shop
Orc:2:    kennysheep_orc_mage_school, layout_caves, serial_shops,
          nicolae_shop_tiny_real_fake_doors, david_defended_altar_orc,
          uniq_sonja
Elf:1:    minmay_elf_arrival_plus, layout_rooms, serial_shops,
          nicolae_shop_trees, shop, nicolae_shop_pleasant_corner_grove,
          nicolae_shop_stone, portal_ice_cave_entry_pillars_1,
          kennysheep_underground_church, uniq_zenata
Elf:2:    elven_hall_of_blades_hangedman_alternative
          [nicolae_blade_entry_crossed_weapons], layout_geoelf_diagonals,
          serial_shops, nicolae_shop_stone, amcnicky_mini_pool_small

Skill      XL: |  1  2  3  4  5  6  7  8  9 10 11 12 13 14 15 16 17 18 |
---------------+-------------------------------------------------------+-----
Air Magic      | 3 4 5 6 7 |  7.0
Spellcasting   | 3 6 7 9 10 11 14 16 | 16.1
Summonings     | 5 8 11 12 14 17 18 19 | 19.0
Fighting       | 1 5 8 10 14 17 | 17.2
Dodging        | 3 5 6 7 |  7.8
Stealth        | 2 4 5 |  5.0
Evocations     | 2 3 4 |  4.0
Translocations | 3 6 |  6.0
Hexes          | 2 |  2.5
Fire Magic     | 2 |  2.5
Armour         | 4 |  4.4
Conjurations   | |  0.8

Action                     |  1- 3 |  4- 6 |  7- 9 | 10-12 | 13-15 | 16-18 || total
---------------------------+-------+-------+-------+-------+-------+-------++-------
  Melee: Dagger            |     5 |       |       |       |       |       ||     5
         Short sword       |     1 |    19 |    29 |     1 |       |       ||    50
         Long sword        |     1 |       |       |       |     9 |       ||    10
         Staff             |       |       |       |       |       |     6 ||     6
         Battleaxe         |       |       |       |       |       |    33 ||    33
   Fire: Orcbow            |       |       |    13 |   159 |   115 |       ||   287
   Cast: Shock             |    98 |    74 |    72 |    16 |       |       ||   260
         Airstrike         |       |     7 |    34 |    32 |     7 |       ||    80
         Summon Lightning  |       |       |    38 |    58 |    59 |    18 ||   173
         Swiftness         |       |       |     1 |     2 |       |       ||     3
         Summon Cactus Gia |       |       |       |   106 |   100 |    91 ||   297
         Inner Flame       |       |       |       |    11 |    25 |    36 ||    72
         Summon Mana Viper |       |       |       |       |   125 |    75 ||   200
         Summon Forest     |       |       |       |       |    84 |    67 ||   151
         Passage of Golubr |       |       |       |       |     2 |     2 ||     4
         Summon Horrible T |       |       |       |       |       |     7 ||     7
         Malign Gateway    |       |       |       |       |       |    64 ||    64
         Monstrous Menager |       |       |       |       |       |    42 ||    42
    Use: Scroll            |     4 |     1 |     4 |    13 |    19 |     4 ||    45
         Potion            |       |       |     3 |     1 |     7 |     9 ||    20
   Stab: Sleeping          |     2 |       |     2 |       |       |     1 ||     5
         Distracted        |       |       |       |       |       |     1 ||     1
 Armour: Robe              |    16 |    26 |    96 |   165 |   140 |   291 ||   734
         Steam dragon scal |       |       |       |    11 |       |       ||    11
  Dodge: Dodged            |    30 |    28 |   114 |   109 |   107 |   170 ||   558

Table legend: (Time is in decaauts)
 A = Elapsed time spent in this place.
 B = Non-inter-level travel time spent in this place.
 C = Inter-level travel time spent in this place.
 D = Time resting spent in this place.
 E = Time spent auto-exploring this place.
 F = Levels seen in this place.
 G = Mean time per level.
                   A        B        C        D        E       F      G
               +--------+--------+--------+--------+--------+-----+--------+
         Total |  60072 |  54140 |   5932 |   3484 |  41616 |  34 | 1766.8 |
       Dungeon |  29874 |  27016 |   2858 |    651 |  22920 |  15 | 1991.6 |
        Temple |      1 |      1 |      0 |      0 |      0 |   1 |    1.0 |
          Lair |   9107 |   7489 |   1618 |    120 |   6042 |   5 | 1821.4 |
         Swamp |   7021 |   6767 |    254 |   1375 |   4176 |   4 | 1755.2 |
     Snake Pit |   9050 |   8128 |    922 |   1007 |   5153 |   4 | 2262.5 |
  Orcish Mines |   3030 |   2753 |    277 |    182 |   2143 |   2 | 1515.0 |
   Elven Halls |   1249 |   1249 |      0 |    147 |    694 |   2 |  624.5 |
      Gauntlet |    736 |    736 |      0 |      2 |    486 |   1 |  736.0 |
               +--------+--------+--------+--------+--------+-----+--------+

Top non-repeatable levels by time:
    D:11: 3559 daAuts
 Snake:4: 3363 daAuts
    D:12: 3342 daAuts
 Swamp:4: 3319 daAuts
     D:9: 3247 daAuts
 Snake:1: 3096 daAuts
     D:8: 2795 daAuts
    D:10: 2410 daAuts
  Lair:4: 2244 daAuts
     D:4: 2227 daAuts
   Orc:2: 2157 daAuts
  Lair:5: 1945 daAuts
     D:1: 1914 daAuts
  Lair:3: 1872 daAuts
    D:13: 1744 daAuts
